 Dungeon Crawl Stone Soup version 0.28-a0-1594-ga885d4b3d6 (webtiles) character file.

Game seed: 14158987006318495993

1248 grumblor the Covered (level 8, -9/62 HPs)
             Began as a Mummy Fighter on Jan 21, 2022.
             Mangled by an ogre (17 damage)
             ... on level 6 of the Dungeon.
             The game lasted 00:07:01 (5110 turns).

grumblor the Covered (Mummy Fighter)                Turns: 5110, Time: 00:07:02

Health: -9/62      AC: 18    Str: 21    XL:     8   Next: 26%
Magic:  0/8        EV:  6    Int:  7    God:
Gold:   296        SH:  5    Dex: 18    Spells: 7/7 levels left

rFire   x . .      SeeInvis .   b - +0 hand axe (venom)
rCold   + . .      Faith    .   c - +0 buckler
rNeg    + + +      Spirit   +   n - +3 plate armour
rPois   ∞          Reflect  .   (no helmet)
rElec   .          Harm     .   k - +0 cloak
rCorr   .          Rampage  .   (no gloves)
Will    +....                   h - +0 pair of boots
Stlth   ..........              f - amulet of guardian spirit
HPRegen 0.20/turn               q - +6 ring of dexterity
MPRegen 0.11/turn               (no ring)

@: no status effects
A: cold resistance 1, negative energy resistance 3, torment resistance 2, heat
vulnerability 1, no potions
a: no special abilities


You were on level 6 of the Dungeon.
You visited 1 branch of the dungeon, and saw 6 of its levels.

You collected 296 gold pieces.

Inventory:

Hand Weapons
 a - a +0 war axe
 b - a +0 hand axe of venom (weapon)
Missiles
 e - 3 javelins
 g - 3 boomerangs
 l - 18 poisoned darts (quivered)
 r - 6 curare-tipped darts
Armour
 c - a +0 buckler (worn)
 h - a +0 pair of boots (worn)
 k - a +0 cloak (worn)
 n - a +3 plate armour (worn)
Jewellery
 f - an amulet of guardian spirit (around neck)
 q - a +6 ring of dexterity (left hand)
Wands
 p - a wand of paralysis (7)
 s - a wand of digging (5)
Scrolls
 d - 4 scrolls of identify
 i - 3 scrolls of fog
 j - a scroll of teleportation
 m - a scroll of fear
 o - a scroll of enchant armour


   Skills:
 * Level 5.2 Fighting
 - Level 4.0 Axes
 - Level 2.0 Throwing
 * Level 5.5 Armour
 - Level 2.0 Dodging
 + Level 2.7 Shields
 * Level 2.0 Evocations


You had 7 spell levels left.
You didn't know any spells.
Your spell library contained the following spells:

 Spells                   Type           Power      Damage    Failure   Level
 Animate Skeleton         Necr           0%         N/A       100%        1
 Apportation              Tloc           0%         N/A       100%        1
 Summon Small Mammal      Summ           0%         N/A       100%        1
 Call Canine Familiar     Summ           0%         N/A       100%        3
 Portal Projectile        Hex/Tloc       0%         N/A       100%        3
 Leda's Liquefaction      Hex/Erth       0%         N/A       100%        4
 Freezing Cloud           Conj/Ice/Air   0%         6-21      100%        5
 Simulacrum               Ice/Necr       0%         N/A       100%        6
 Polar Vortex             Ice            0%         N/A       100%        9


Dungeon Overview and Level Annotations

Branches:
Dungeon (6/15)
 Temple: D:4-7

Altars:
Cheibriados
Hepliaklqana
The Shining One


Innate Abilities, Weirdness & Mutations

You are immune to poison.
Your flesh is cold resistant. (rC+)
You are immune to negative energy. (rN+++)
You are immune to unholy pain and torment.
You are vulnerable to heat. (rF-)
You do not drink.


Message History

The ice beast hits you but does no damage.
The ogre hits you but does no damage.
You hit the ogre.
The ogre is moderately wounded.
You hit the ice beast but do no damage.
The ice beast is poisoned.
The ice beast hits you. The ice beast freezes you. You resist.
The ogre completely misses you.
You slash the ogre!
The ogre is severely wounded.
You hit the ice beast but do no damage.
The ice beast looks as sick as possible!
The ice beast hits you but does no damage.
The ogre hits you with a +0 giant club!!
* * * LOW HITPOINT WARNING * * *
The ogre looks more healthy.
You kill the ice beast!
Your Evocations skill increases to level 2!
Throw: 20 darts (poison)
Press: ? - help, Q - select action, (/) - cycle Shift-Dir - straight line, f - ogre
Aim: an ogre, wielding a +0 giant club (severely wounded, 77% to hit)
You throw a poisoned dart. The poisoned dart hits the ogre.
The ogre is severely wounded.
Unknown command.
Throw: 19 darts (poison)
Press: ? - help, Q - select action, (/) - cycle Shift-Dir - straight line, f/p - ogre
Aim: an ogre, wielding a +0 giant club (severely wounded, 77% to hit)
You throw a poisoned dart.
The poisoned dart barely misses the ogre.
Unknown command.
You hit the ogre.
The ogre is severely wounded.
The ogre hits you with a +0 giant club!
* * * LOW HITPOINT WARNING * * *
Unknown command.
Aiming: Paralyse
Press: ? - help, Shift-Dir - straight line, f/p - ogre
Aim: an ogre, wielding a +0 giant club (severely wounded, chance to affect: 54%)
The ogre resists with significant effort.
The ogre hits you with a +0 giant club!!
You die...

#.#.........#......#...######...
#.#.........########)..######.#.
#.#................').......#.#.
#...............####).....#.#.#.
#########.#...#.# #......#.#.#.
#....###.#.# #......#.#.#.
#....+...#.# #......#.#.#.
#....#####.# #......#.#...
#.!..# #@# ##.....#'###. #....#
#O# #........##. #....# #.#
#####....##. #....# #(# #.......
#....# #.# #.#+###. ###### #.#
#.#..... #.# #.###### #(#
#....... #.# #########


You could see an ogre.

Vanquished Creatures
  Sigmund (D:5)
  A sky beast (D:5)
  An ice beast (D:6)
  2 centaurs
  A kobold brigand (D:6)
  3 scorpions
  A water moccasin skeleton (D:6)
  A bullfrog zombie (D:5)
  2 jellies
  2 hounds
  A centaur skeleton (D:5)
  2 bullfrog skeletons
  2 iguanas
  A howler monkey zombie (D:5)
  2 howler monkey skeletons (D:5)
  6 adders
  A shadow imp (D:3)
  2 worms (D:3)
  A dart slug (D:2)
  13 orcs
  5 ball pythons
  5 bats
  8 endoplasms
  A giant cockroach (D:2)
  5 goblins
  4 hobgoblins
  2 jackals (D:1)
  3 quokkas
  4 frilled lizards
  9 kobolds
  2 rats
94 creatures vanquished.

Vanquished Creatures (others)
  4 plants (D:1)
4 creatures vanquished.

Grand Total: 98 creatures vanquished

Notes
Turn   | Place    | Note
-------+----------+-------------------------------------------
     0 | D:1      | grumblor the Mummy Fighter began the quest for the Orb.
     0 | D:1      | Reached XP level 1. HP: 18/18 MP: 1/1
    66 | D:1      | Found a faded altar of an unknown god.
   500 | D:1      | Reached XP level 2. HP: 24/24 MP: 2/2
  1132 | D:2      | Reached XP level 3. HP: 29/29 MP: 3/3
  1276 | D:2      | Reached skill level 1 in Dodging
  1285 | D:2      | Found a snail-covered altar of Cheibriados.
  1539 | D:3      | Reached XP level 4. HP: 33/37 MP: 4/4
  2362 | D:3      | Found a hazy altar of Hepliaklqana.
  2446 | D:4      | Reached XP level 5. HP: 30/42 MP: 5/5
  2798 | D:4      | Reached skill level 1 in Throwing
  3175 | D:5      | Entered Level 5 of the Dungeon
  3311 | D:5      | Reached XP level 6. HP: 44/48 MP: 6/6
  3464 | D:5      | Noticed Sigmund
  3487 | D:5      | Killed Sigmund
  3488 | D:5      | Reached XP level 7. HP: 8/55 MP: 7/7
  4346 | D:6      | Reached skill level 1 in Evocations
  4485 | D:6      | Reached skill level 5 in Armour
  4767 | D:6      | Reached XP level 8. HP: 60/61 MP: 6/8
  4924 | D:6      | Reached skill level 5 in Fighting
  5110 | D:6      | Mangled by an ogre

Illustrated notes

Levels and vault maps discovered:
D:1:      lightli_iron_boxes, layout_basic,
          shapermc_ecumenical_altar_mp_ritualfount
D:2:      layout_rooms, basic_altar, kennysheep_generic_room_11
D:3:      layout_basic, mainiacjoe_overflow_alcove_2
D:4:      layout_loops_ring
D:5:      layout_rooms, uniq_sigmund
D:6:      layout_basic, lemuel_crystal_altar

Skill      XL: |  1  2  3  4  5  6  7  8 |
---------------+-------------------------+-----
Axes           | 2 3 4 |  4.0
Dodging        | 1 2 |  2.0
Armour         | 3 4 5 |  5.5
Fighting       | 4 5 |  5.2
Throwing       | 1 2 |  2.0
Evocations     | 1 2 |  2.0
Shields        | |  2.7

Action                   |  1- 3 |  4- 6 |  7- 9 || total
-------------------------+-------+-------+-------++-------
Melee: War axe           |    44 |       |       ||    44
       Hand axe          |    44 |   135 |   110 ||   289
Throw: Boomerang         |       |     4 |       ||     4
       Dart              |       |     6 |     2 ||     8
Evoke: Wand              |       |       |     1 ||     1
  Use: Scroll            |       |     5 |       ||     5
Armor: Scale mail        |     8 |       |       ||     8
       Plate armour      |    48 |    78 |    97 ||   223
Dodge: Dodged            |    21 |    38 |    35 ||    94
Block: Buckler           |    16 |    24 |    34 ||    74

Table legend: (Time is in decaauts)
 A = Elapsed time spent in this place.
 B = Non-inter-level travel time spent in this place.
 C = Inter-level travel time spent in this place.
 D = Time resting spent in this place.
 E = Time spent auto-exploring this place.
 F = Levels seen in this place.
 G = Mean time per level.
                   A        B        C        D        E       F      G
               +--------+--------+--------+--------+--------+-----+--------+
         Total |   5187 |   5047 |    140 |    455 |   3754 |   6 |  864.5 |
       Dungeon |   5187 |   5047 |    140 |    455 |   3754 |   6 |  864.5 |
               +--------+--------+--------+--------+--------+-----+--------+

Top non-repeatable levels by time:
     D:5: 1167 daAuts
     D:1: 943 daAuts
     D:3: 928 daAuts
     D:6: 796 daAuts
     D:4: 796 daAuts
     D:2: 555 daAuts
